 Dungeon Crawl Stone Soup version 0.19.1 (webtiles) character file.

49253 w00t the Grappler (level 14, -11/90 HPs)
             Began as a Gargoyle Fighter on Dec 18, 2016.
             Was the Champion of Cheibriados.
             Killed from afar by a frost giant (32 damage)
             ... with a bolt of cold
             ... in an ice cave.
             The game lasted 02:06:56 (21756 turns).

w00t the Grappler (Gargoyle Fighter)               Turns: 21756, Time: 02:06:57

Health: -11/90     AC: 33    Str: 52    XL:     14   Next: 50%
Magic:  2/16       EV: 17    Int: 25    God:    Cheibriados [******]
Gold:   901        SH: 11    Dex: 26    Spells: 1 memorised, 9 levels left

rFire  + . .     SeeInvis .       - Unarmed
rCold  . . .     Gourm    .     P - +4 plate armour {rF+}
rNeg   + . .     Faith    .     n - +0 buckler
rPois  ∞         Spirit   .     L - +2 hat
rElec  +         Reflect  +     (no cloak)
rCorr  .         Harm     .     M - +2 pair of gloves
MR     ++...                    (no boots)
Stlth  ..........               e - +3 amulet of reflection
                                U - +6 ring of strength
                                a - ring of protection from magic

@: mighty, about to teleport, very slightly contaminated, very slow
A: big wings, agile 1, negative energy resistance 1, electricity resistance,
strong 1, wild magic 1, unbreathing, petrification resistance, rot immunity, AC
+9
a: Fly, Bend Time, Temporal Distortion, Slouch, Step From Time, Renounce
Religion


You were in an ice cave.
You worshipped Cheibriados.
Cheibriados was exalted by your worship.
You were not hungry.

You visited 2 branches of the dungeon, and saw 16 of its levels.
You also visited: Ossuary and Ice Cave.

You collected 901 gold pieces.

Inventory:

Hand Weapons
 m - a +1 spear of flaming
Missiles
 l - 367 stones (quivered)
 p - 289 arrows
Armour
 b - a +0 shield
 n - a +0 buckler (worn)
 t - a +0 helmet
 u - a +0 plate armour
 y - a +0 chain mail of fire resistance
 L - a +2 hat (worn)
 M - a +2 pair of gloves (worn)
 P - a +4 plate armour of fire resistance (worn)
Jewellery
 a - a ring of protection from magic (left hand)
 e - a +3 amulet of reflection (around neck)
 w - the ring "Uwem" {rF+ Stlth+}
   (You found it on level 6 of the Dungeon)

   [ring of protection from fire]

   It protects you from fire.
   It makes you more stealthy.
 H - an uncursed ring of resist corrosion
 U - a +6 ring of strength (right hand)
Wands
 A - a wand of lightning (8/15)
 K - a wand of enslavement (10/24)
 N - a wand of disintegration (9/24)
 O - a wand of disintegration (14/24)
 S - a wand of paralysis (14/24)
 Z - a wand of paralysis (7/24)
Scrolls
 f - 2 scrolls of blinking
 h - 2 scrolls of amnesia
 i - a scroll of acquirement {unknown}
 k - 7 scrolls of remove curse
 q - 2 scrolls of teleportation
 v - a scroll of random uselessness {unknown}
 x - 2 scrolls of summoning
 z - 6 scrolls of fog
 D - 5 scrolls of magic mapping
 F - 3 scrolls of fear
 T - a scroll of recharging {unknown}
Potions
 c - 2 potions of might
 j - 2 potions of lignification
 r - a potion of beneficial mutation {unknown}
 s - a potion of brilliance {unknown}
 B - 3 potions of curing
 C - a potion of magic
 J - a potion of flight
 Q - a potion of invisibility
Books
 g - a book of Conjurations

   Spells                             Type                      Level
   a - Magic Dart                     Conjuration                  1
   b - Searing Ray                    Conjuration                  2
   c - Dazzling Spray                 Conjuration/Hexes            3
   d - Fulminant Prism                Conjuration/Hexes            4
   e - Iskenderun's Mystic Blast      Conjuration                  4
   f - Iskenderun's Battlesphere      Conjuration/Charms           5
 o - a book of Enchantments

   Spells                             Type                      Level
   a - Cause Fear                     Hexes                        4
   b - Yara's Violent Unravelling     Hexes/Transmutation          5
   c - Silence                        Hexes/Air                    5
   d - Deflect Missiles               Charms/Air                   6
   e - Discord                        Hexes                        8
 G - a book of the Earth

   Spells                             Type                      Level
   a - Leda's Liquefaction            Hexes/Earth                  4
   b - Bolt of Magma                  Conjuration/Fire/Earth       5
   c - Statue Form                    Transmutation/Earth          6
   d - Iron Shot                      Conjuration/Earth            6
   e - Shatter                        Earth                        9
 X - a book of Misfortune

   Spells                             Type                      Level
   a - Confusing Touch                Hexes                        1
   b - Confuse                        Hexes                        3
   c - Gell's Gravitas                Hexes/Translocation          3
   d - Petrify                        Transmutation/Earth          4
   e - Metabolic Englaciation         Hexes/Ice                    5
   f - Yara's Violent Unravelling     Hexes/Transmutation          5
Comestibles
 d - 13 bread rations
 E - 13 royal jellies
 I - 4 chunks of flesh
 R - a beef jerky
 W - 14 fruits


   Skills:
 + Level 11.5 Fighting
   Level 2.4 Short Blades
 - Level 5.0 Throwing
 + Level 10.7 Armour
 + Level 8.1 Dodging
 - Level 9.3 Shields
 * Level 14.0 Unarmed Combat
 - Level 1.0 Spellcasting
 - Level 3.9 Charms
 - Level 2.7 Air Magic
 - Level 3.1 Invocations


You had 9 spell levels left.
You knew the following spells:

 Your Spells              Type           Power        Failure   Level  Hunger
a - Deflect Missiles      Chrm/Air       ###.......   100%        6    #######


Dungeon Overview and Level Annotations

Branches:
Dungeon (10/15)            Temple (0/1) D:6            Lair (6/6) D:10
  Swamp (0/4) Lair:2       Spider (0/4) Lair:2        Slime (0/5) Lair:5
    Orc: D:9-12

Altars:
Ashenzari
Cheibriados
Fedhas
Gozag
Kikubaaqudgha
Makhleb
Nemelex Xobeh
Ru
Trog
Xom
Jiyva

Annotations:
Lair:5 1 runed door


Innate Abilities, Weirdness & Mutations

You are resistant to torment.
Your stone body is resilient. (AC +9)
You are immune to poison.
Your large and strong wings let you fly indefinitely.
You resist negative energy. (rN+)
You are resistant to electric shocks. (rElec)
You can survive without breathing.
You are immune to petrification.
You are immune to rotting.
You are agile. (Dex +2)
Your muscles are strong. (Str +2)
Your spells are a little harder to cast, but a little more powerful.


Message History

You throw a stone.
The stone hits the frost giant but does no damage.
You step out of the flow of time.
You return to the normal time flow.
You feel somewhat more hungry. You block the frost giant's attack.
Okay, then.
You can feel time thicken for a moment.
You feel somewhat more hungry.
The frost giant hits you but does no damage.
Press: ? - help, v - describe, . - travel
Here: a frost giant, wielding a battleaxe of freezing and wearing an ancient ruby amulet (lightly wounded)
The floor.
You feel very mighty all of a sudden.
The frost giant hits you with a battleaxe of freezing!!
The frost giant freezes you!
* * * LOW HITPOINT WARNING * * *
As you read the scroll of teleportation, it crumbles to dust.
You feel strangely unstable.
The frost giant gestures at you while chanting.
The bolt of cold hits you!
You die...

######## ########
##......## ##......##
##...###..####.....##..
#..⌠..###...#....######
##...## ###...####≈≈≈#≈
###..# #######..##≈≈≈≈
#..####..####.#.##≈≈≈
###.@#.##.C#÷#.≈≈≈≈≈≈
###C#####.Y##.#≈≈≈≈ ###
###(h(##≈≈≈ ###..###≈
##..##≈ **#..##**
***...## *≈ ***..Y.#*
*≈ **.....#* *≈


You could see a frost giant.

Vanquished Creatures
  9 hydras
  5 death yaks (Lair:5)
  A hill giant (D:9)
  A necromancer (Lair:4)
  Maurice (D:7)
  An ice statue (IceCv)
  5 black mambas
  5 spiny frogs
  2 torpor snails (Lair:5)
  A kobold demonologist (D:10)
  10 rime drakes
  5 komodo dragons
  A queen bee (Lair:3)
  13 polar bears
  A hornet (D:10)
  2 two-headed ogres
  5 dream sheep (Lair:4)
  21 blink frogs
  11 hippogriffs
  A spriggan (D:7)
  11 wyverns
  45 yaks
  11 basilisks
  A hungry ghost (D:10)
  5 swamp worms (Lair:2)
  5 water moccasins
  7 porcupines
  3 black bears
  An orc warrior (D:10)
  A swamp drake (D:10)
  3 ice beasts
  2 eyes of draining (D:10)
  17 wolves
  2 ogres
  2 centaurs
  The ghost of PsiRedEye22 the Poker, an amateur MfGl of Okawaru (D:3)
  13 crocodiles
  2 elf zombies (Ossuary)
  2 big kobolds
  2 wyvern zombies
  21 bullfrogs
  A water moccasin skeleton (D:9)
  8 scorpions
  17 killer bees (Lair:3)
  5 electric eels
  A lava snake (D:10)
  4 crimson imps
  3 human zombies (Ossuary)
  A quasit (D:8)
  2 bullfrog zombies
  5 jellies
  8 centaur zombies
  6 hounds
  9 orc wizards
  6 orc priests
  5 bullfrog skeletons
  A centaur skeleton (D:3)
  5 iguanas
  Natasha (thrice) (D:2 D:4)
  5 worker ants
  3 polar bear simulacra (Lair:4)
  4 yak simulacra (Lair:4)
  A wolf simulacrum (Lair:4)
  A hound zombie (D:3)
  2 hound skeletons
  3 mummies (Ossuary)
  2 worker ant zombies
  Robin (D:2)
  5 adders
  4 oozes
  3 adder zombies
  2 adder skeletons
  5 worms
  5 dart slugs
  6 leopard geckos
  27 orcs
  4 ball pythons
  13 bats
  6 giant cockroaches
  20 goblins
  12 hobgoblins
  5 jackals
  2 quokkas (D:7)
  7 frilled lizards
  2 jackal skeletons (D:3)
  18 kobolds
  A leopard gecko skeleton (D:5)
  A quokka skeleton (D:3)
  A quokka zombie (D:3)
  6 rats
  3 river rat simulacra (Lair:4)
528 creatures vanquished.

Vanquished Creatures (others)
  4 wolves (IceCv)
  A centaur (D:10)
  4 fungi
  2 plants
11 creatures vanquished.

Grand Total: 539 creatures vanquished

Notes
Turn   | Place    | Note
-------+----------+-------------------------------------------
     0 | D:1      | w00t the Gargoyle Fighter began the quest for the Orb.
     0 | D:1      | Reached XP level 1. HP: 14/14 MP: 1/1
    60 | D:1      | Reached XP level 2. HP: 10/19 MP: 2/2
   311 | D:1      | Reached skill level 3 in Unarmed Combat
   325 | D:1      | Reached XP level 3. HP: 22/24 MP: 3/3
  1052 | D:2      | Found a sparkling altar of Nemelex Xobeh.
  1200 | D:2      | Noticed Robin
  1240 | D:1      | Reached XP level 4. HP: 11/29 MP: 4/4
  1605 | D:2      | Killed Robin
  1885 | D:2      | Noticed Natasha
  1902 | D:2      | Killed Natasha
  1902 | D:2      | Reached skill level 4 in Unarmed Combat
  2298 | D:2      | Reached XP level 5. HP: 33/33 MP: 5/5
  2423 | D:2      | Found a faded altar of an unknown god.
  2423 | D:2      | Found a blossoming altar of Fedhas.
  2434 | D:2      | Found a faded altar of an unknown god.
  2440 | D:2      | Found a faded altar of an unknown god.
  2441 | D:2      | Found a burning altar of Makhleb.
  2590 | D:2      | Found a bloodstained altar of Trog.
  2880 | D:3      | Reached skill level 1 in Dodging
  3062 | D:3      | Noticed PsiRedEye22's ghost (amateur MfGl)
  3136 | D:3      | Reached skill level 1 in Short Blades
  3406 | D:3      | Reached XP level 6. HP: 39/39 MP: 6/6
  3575 | D:4      | Noticed Natasha
  3632 | D:4      | Killed Natasha
  3879 | D:4      | Noticed Natasha
  3891 | D:4      | Killed Natasha
  3981 | D:5      | Entered Level 5 of the Dungeon
  4204 | D:5      | Reached skill level 5 in Fighting
  4410 | D:5      | Reached XP level 7. HP: 43/44 MP: 7/7
  4649 | D:5      | Reached skill level 5 in Armour
  5303 | D:5      | Gained mutation: You are agile. (Dex +2) [potion of mutation]
  5303 | D:5      | Gained mutation: Your spells are a little harder to cast, but a little more powerful. [potion of mutation]
  5303 | D:5      | Gained mutation: Your muscles are strong. (Str +2) [potion of mutation]
  5458 | D:5      | Found a snail-covered altar of Cheibriados.
  5477 | D:5      | Became a worshipper of Cheibriados the Contemplative
  5563 | D:5      | Reached skill level 5 in Unarmed Combat
  5563 | D:5      | Reached XP level 8. HP: 10/51 MP: 8/8
  5914 | D:5      | Found a shimmering altar of Xom.
  6085 | D:6      | Found a sacrificial altar of Ru.
  6145 | D:6      | Reached skill level 1 in Invocations
  6456 | D:6      | Reached * piety under Cheibriados
  6479 | D:6      | Found a staircase to the Ecumenical Temple.
  6553 | D:6      | Found a shimmering altar of Xom.
  6579 | D:6      | Reached skill level 6 in Unarmed Combat
  6759 | D:6      | Got a scintillating pewter ring
  6760 | D:6      | Identified the ring "Uwem" {rF+ Stlth+} (You found it on level 6 of the Dungeon)
  7208 | D:7      | Reached XP level 9. HP: 54/57 MP: 10/10
  7309 | D:7      | Found a snail-covered altar of Cheibriados.
  7815 | D:8      | Reached skill level 7 in Unarmed Combat
  7837 | D:8      | Found a sand-covered staircase.
  7851 | D:8      | Reached ** piety under Cheibriados
  7927 | Ossuary  | Entered an ossuary
  8452 | D:8      | Noticed a two-headed ogre
  8473 | D:8      | Killed a two-headed ogre
  8713 | D:8      | Found an opulent altar of Gozag.
  8819 | D:8      | Noticed Maurice
  8896 | D:7      | Killed Maurice
  8896 | D:7      | Reached skill level 8 in Unarmed Combat
  8896 | D:7      | Reached XP level 10. HP: 63/65 MP: 12/12
  9344 | D:8      | Found a shattered altar of Ashenzari.
  9534 | D:3      | Killed PsiRedEye22's ghost
  9864 | D:9      | Reached *** piety under Cheibriados
  9977 | D:9      | Found an ancient bone altar of Kikubaaqudgha.
 10457 | D:9      | Reached skill level 9 in Unarmed Combat
 10635 | D:9      | Noticed a hill giant
 10643 | D:9      | Killed a hill giant
 10840 | D:10     | Entered Level 10 of the Dungeon
 11088 | D:10     | Reached **** piety under Cheibriados
 11147 | D:10     | Got a heavy robe
 11149 | D:10     | Identified the cursed +1 robe of Awkei {rElec rCorr Dex+4} (You found it on level 10 of the Dungeon)
 11235 | D:10     | Noticed a kobold demonologist
 11249 | D:10     | Killed a kobold demonologist
 11257 | D:10     | Reached skill level 10 in Unarmed Combat
 11297 | D:10     | Reached XP level 11. HP: 71/71 MP: 7/13
 12194 | D:10     | Reached skill level 5 in Shields
 12288 | D:10     | Reached ***** piety under Cheibriados
 12449 | D:10     | Found a staircase to the Lair.
 12564 | Lair:1   | Entered Level 1 of the Lair of Beasts
 12567 | Lair:1   | Noticed a seven-headed hydra
 12583 | Lair:1   | Killed a seven-headed hydra
 12835 | Lair:1   | Reached skill level 5 in Dodging
 14165 | Lair:2   | Reached skill level 1 in Throwing
 14184 | Lair:2   | Reached XP level 12. HP: 71/77 MP: 14/14
 14393 | Lair:2   | Noticed a five-headed hydra
 14402 | Lair:2   | Killed a five-headed hydra
 14424 | Lair:2   | Reached skill level 5 in Throwing
 14491 | Lair:2   | Learned a level 6 spell: Deflect Missiles
 14578 | Lair:2   | Reached skill level 1 in Air Magic
 14776 | Lair:2   | Found a hole to the Spider Nest.
 15267 | Lair:2   | Reached skill level 1 in Charms
 15338 | Lair:2   | Found a staircase to the Swamp.
 15439 | Lair:2   | Reached skill level 1 in Spellcasting
 15624 | Lair:3   | Reached ****** piety under Cheibriados
 16288 | Lair:3   | Reached skill level 11 in Unarmed Combat
 16549 | Lair:3   | Noticed a four-headed hydra
 16555 | Lair:3   | Killed a four-headed hydra
 16555 | Lair:3   | Reached skill level 10 in Fighting
 17217 | Lair:4   | Reached XP level 13. HP: 70/83 MP: 15/15
 17636 | Lair:4   | Reached skill level 12 in Unarmed Combat
 17747 | Lair:4   | Reached skill level 10 in Armour
 18539 | Lair:5   | Found a runed door.
 18539 | Lair:5   | Found a viscous altar of Jiyva.
 18539 | Lair:5   | Found a staircase to the Slime Pits.
 18539 | Lair:5   | Noticed an azure jelly
 18539 | Lair:5   | Noticed an azure jelly
 18539 | Lair:5   | Noticed an azure jelly
 18562 | Lair:5   | Reached skill level 13 in Unarmed Combat
 18691 | Lair:5   | Gained mutation: Your large and strong wings let you fly indefinitely. [Gargoyle growth]
 18691 | Lair:5   | Reached XP level 14. HP: 38/88 MP: 16/16
 19538 | Lair:6   | Entered Level 6 of the Lair of Beasts
 19569 | Lair:6   | Found a frozen archway.
 19652 | IceCv    | Entered an ice cave
 21439 | IceCv    | Noticed a frost giant
 21448 | IceCv    | Reached skill level 14 in Unarmed Combat
 21756 | IceCv    | Killed from afar by a frost giant

Skill      XL: |  1  2  3  4  5  6  7  8  9 10 11 12 13 14 |
---------------+-------------------------------------------+-----
Unarmed Combat | 3 4 5 6 8 10 11 13 14 | 14.0
Fighting       | 4 5 7 8 9 10 11 | 11.5
Dodging        | 1 4 6 7 8 |  8.1
Short Blades   | 1 2 |  2.4
Armour         | 4 5 6 7 8 9 10 | 10.7
Shields        | 4 6 8 9 |  9.3
Invocations    | 2 3 |  3.1
Throwing       | 2 5 |  5.0
Air Magic      | 2 |  2.7
Charms         | 3 |  3.9
Spellcasting   | 1 |  1.0

Action                   |  1- 3 |  4- 6 |  7- 9 | 10-12 | 13-15 || total
-------------------------+-------+-------+-------+-------+-------++-------
Melee: Unarmed           |   173 |   455 |   605 |   842 |   616 ||  2691
Throw: Stone             |       |       |       |    78 |   132 ||   210
Invok: Bend Time         |       |       |     1 |     1 |       ||     2
       Step From Time    |       |       |       |       |     1 ||     1
       Slouch            |       |       |       |       |     1 ||     1
 Abil: Fly               |       |       |       |       |     1 ||     1
       Stop Flying       |       |       |       |       |     1 ||     1
  Use: Scroll            |       |     6 |     1 |    14 |    11 ||    32
       Potion            |       |     3 |     9 |       |     5 ||    17
  Eat: Chunk             |     1 |     9 |     3 |    10 |     9 ||    32
       Pizza             |       |     1 |       |     1 |       ||     2
       Bread ration      |       |       |     1 |       |       ||     1
       Meat ration       |       |       |     1 |     1 |       ||     2
Armor: Scale mail        |    95 |    30 |       |       |       ||   125
       Chain mail        |       |   242 |   261 |    76 |       ||   579
       Skin              |       |       |     1 |       |       ||     1
       Plate armour      |       |       |       |   266 |   264 ||   530
Dodge: Dodged            |    75 |   166 |   168 |   359 |   277 ||  1045
Block: Shield            |    72 |       |       |       |       ||    72
       Buckler           |    13 |   103 |   175 |   325 |   262 ||   878
       Reflection        |       |       |     4 |     7 |       ||    11
